 Dungeon Crawl Stone Soup version 0.28.0-53-g5a82cb258f (console) character file.

Game seed: 6080427061822425245

6407 Banquo the Thaumaturge (level 11, -3/78 HPs)
             Began as a Djinni Fire Elementalist on May 21, 2022.
             Was a Follower of the Shining One.
             Slain by Fannar
             ... wielding a staff of cold
              (19 damage)
             ... on level 10 of the Dungeon.
             The game lasted 00:44:15 (14633 turns).

Banquo the Thaumaturge (Djinni Fire Elementalist)  Turns: 14633, Time: 00:44:15

Health: -3/78      AC: 15    Str:  7    XL:     11   Next: 18%
Gold:   318        EV: 18    Int: 26    God:    the Shining One [*.....] SH:  0 Dex: 13

rFire   + + .      SeeInvis .   a - +1 short sword (speed)
rCold   x . .      Faith    .   (no shield)
rNeg    . . .      Spirit   .   d - +2 leather armour of the Unstoppable Quests {Int+4}
rPois   ∞          Reflect  .   h - +0 helmet
rElec   +          Harm     .   e - +2 cloak
rCorr   .          Rampage  .   g - +0 pair of gloves "Poibok" {rElec}
Will    +....                   (boots unavailable)
Stlth   +.........              (no amulet)
HPRegen 0.23/turn               A - +4 ring of protection
MPRegen 0.00/turn               V - +4 ring of evasion

@: flying, glowing
A: sickness immunity, fire resistance 2, cold vulnerability 1, float, innate
caster, HP casting, extra vitality 1
a: Renounce Religion, Divine Shield


You were on level 10 of the Dungeon.
You worshipped the Shining One.
The Shining One was aware of your devotion.
You visited 2 branches of the dungeon, and saw 11 of its levels.

You collected 528 gold pieces.
You spent 210 gold pieces at shops.

Inventory:

Hand Weapons
 a - a +1 short sword of speed (weapon)
 c - a +0 long sword
 z - a +0 rapier
 H - a +0 falchion of protection
 N - a +1 whip of freezing
 U - a +4 dagger
Missiles
 f - 236 stones
 l - 3 boomerangs of dispersal
 m - 11 poisoned darts
 x - 6 boomerangs
Armour
 d - the +2 leather armour of the Unstoppable Quests (worn) {Int+4}
   (You found it on level 4 of the Dungeon)

   Int:       It affects your intelligence (+4).
 e - a +2 cloak (worn)
 g - the +0 pair of gloves "Poibok" (worn) {rElec}
   (You found it on level 4 of the Dungeon)

   rElec:     It insulates you from electricity.
 h - a +0 helmet (worn)
 y - the +4 ring mail of Idaoseho {+Inv rPois Will- Str+9}
   (You found it on level 5 of the Dungeon)

   Str:       It affects your strength (+9).
   rPois:     It protects you from poison.
   +Inv:      It lets you turn invisible.
   Will:      It decreases your willpower.
 D - a +0 robe of positive energy
 T - a +1 robe of positive energy
Jewellery
 A - a +4 ring of protection (left hand)
 V - a +4 ring of evasion (right hand)
Wands
 w - a wand of charming (9)
 J - a wand of iceblast (23)
 K - a wand of paralysis (7)
 P - a wand of digging (10)
 Q - a wand of mindburst (8)
 R - a wand of polymorph (3)
Scrolls
 b - 3 scrolls of vulnerability {unknown}
 j - 4 scrolls of magic mapping {unknown}
 n - a scroll of summoning {unknown}
 o - 2 scrolls of teleportation
 p - 2 scrolls of fog {unknown}
 q - 2 scrolls of amnesia {unknown}
 u - 3 scrolls of enchant weapon {unknown}
 B - a scroll of brand weapon {unknown}
 F - a scroll of fear {unknown}
 G - 3 scrolls of enchant armour {unknown}
 I - 2 scrolls of immolation {unknown}
Potions
 i - 3 potions of resistance {unknown}
 k - a potion of brilliance {unknown}
 r - 3 potions of lignification
 s - 5 potions of curing
 t - 6 potions of heal wounds
 v - a potion of invisibility {unknown}
 C - a potion of might
 E - a potion of haste
 L - 4 potions of attraction
 M - 2 potions of mutation
 O - a potion of ambrosia
 S - a potion of degeneration {unknown}


   Skills:
 * Level 6.4 Fighting
 - Level 4.0 Armour
 * Level 7.5 Dodging
 - Level 1.5 Stealth
 + Level 10.1 Spellcasting


You had 3 spell levels left.
You knew the following spells:

 Your Spells              Type           Power      Damage    Failure   Level
a - Sandblast             Erth           100%       2d20      1%          1
b - Portal Projectile     Hex/Tloc       100%       N/A       1%          3
c - Freezing Cloud        Conj/Ice/Air   30%        6-21      2%          5
d - Vampiric Draining     Necr           60%        2d10      1%          3
e - Inner Flame           Hex/Fire       60%        N/A       1%          3
f - Conjure Flame         Conj/Fire      60%        6-21      1%          3
p - Passwall              Tmut/Erth      50%        N/A       1%          2
w - Flame Wave            Conj/Fire      60%        2d12      1%          4
x - Scorch                Fire           100%       2d10      1%          2
z - Foxfire               Conj/Fire      100%       2x1d9     1%          1
Your spell library was empty.

Dungeon Overview and Level Annotations

Branches:
Dungeon (10/15)            Temple (1/1) D:7             Orc (0/2) D:9
   Lair: D:8-11

Altars:
Ashenzari
Cheibriados
Dithmenos
Elyvilon
Fedhas
Gozag
Hepliaklqana
Kikubaaqudgha
Makhleb
Nemelex Xobeh
Okawaru
Qazlal
Ru
Sif Muna
Trog
Uskayaw
Vehumet
Wu Jian
Xom
Yredelemnul
Zin
The Shining One

Shops:
D:1 [   D:6 !   D:7 ?   D:8 *

Annotations:
D:10 Fannar


Innate Abilities, Weirdness & Mutations

You are immune to sickness and miasma.
You are immune to poison.
Your flesh is very heat resistant. (rF++)
You are vulnerable to cold. (rC-)
You float through the air rather than walking.
You learn spells naturally, not from books.
Your magical power is your life essence.
You have superior vitality. (+4 MHP)


Message History

The foxfire hits Fannar.
Fannar is lightly wounded.
Casting: Scorch (safe; 1% risk of failure)
Press: ? - help, Q - select action, (/) - cycle Dir - look around, f - activate Flames lash Fannar.
Fannar is lightly wounded.
Fannar's fire resistance burns away.
You hear a bellow!
The foxfire hits Fannar but does no damage.
Fannar is lightly wounded.
The foxfire hits Fannar!
Fannar is burned terribly!
Fannar is moderately wounded.
The foxfire hits Fannar.
Fannar is moderately wounded.
Casting: Scorch (safe; 1% risk of failure)
Press: ? - help, Q - select action, (/) - cycle Dir - look around, f - activate Flames lash Fannar.
Fannar is burned terribly!
Fannar is moderately wounded.
You hear a bellow!
Unknown command.
Casting: Scorch (safe; 1% risk of failure)
Press: ? - help, Q - select action, (/) - cycle Dir - look around, f - activate Flames lash Fannar.
Fannar is burned terribly!
Fannar is heavily wounded.
Fannar hits you but does no damage. Fannar freezes you!!
A yak comes into view.
Casting: Scorch (safe; 1% risk of failure)
Press: ? - help, Q - select action, (/) - cycle Dir - look around, f - activate Flames lash Fannar.
Fannar is burned terribly!
Fannar is heavily wounded.
Fannar hits you with a staff of cold! Fannar freezes you!!
* * * LOW HITPOINT WARNING * * *
A yak comes into view.
Casting: Scorch (safe; 1% risk of failure)
Press: ? - help, Q - select action, (/) - cycle Dir - look around, f - activate Flames lash Fannar.
Fannar is burned terribly!
Fannar is severely wounded.
* * * LOW HITPOINT WARNING * * *
Fannar hits you but does no damage. Fannar freezes you!!
You die...

...Y. ##..Y. ..... #...# ....
#..# #.e#####.#
#.@......########
##.#######......# #.# #.####.#
#.# #.# #.# #.#######.####.#
#.##...........#
##.......#.###..# ###
#########...#.##.#.# #).#
##.###.............##.#.###).#


You could see Fannar (combustible) and 2 yaks.

Vanquished Creatures
  Pikel (D:8)
  A troll (D:9)
  2 hornets
  A meliai zombie (D:10)
  2 wyverns
  A wraith (D:9)
  Grum (D:9)
  3 yaks (D:9)
  4 wargs (D:9)
  A water moccasin (D:7)
  Duvessa (D:6)
  5 orc warriors
  A hornet zombie (D:9)
  2 black bears
  3 ogres
  4 wolves
  6 centaurs
  A phantom (D:6)
  4 lemures (D:8)
  A scorpion (D:2)
  A gnoll sergeant (D:10)
  A wyvern skeleton (D:7)
  A water moccasin skeleton (D:5)
  Dowan (D:6)
  5 killer bees (D:9)
  A wight (D:6)
  An electric eel (D:6)
  A bullfrog zombie (D:5)
  A centaur zombie (D:6)
  A jelly (D:6)
  2 hounds
  8 orc priests
  2 bullfrog skeletons (D:5)
  4 iguanas
  8 orc wizards
  4 killer bee zombies
  A howler monkey zombie (D:7)
  3 gnolls (D:10)
  4 adders
  A howler monkey skeleton (D:5)
  A shadow imp (D:8)
  An ufetubus (D:7)
  An adder skeleton (D:4)
  31 orcs
  7 endoplasms
  3 giant cockroaches
  6 goblins
  5 hobgoblins
  3 kobolds
  2 quokkas
  8 ball pythons
  5 bats
  A frilled lizard (D:2)
  2 rats
172 creatures vanquished.

Vanquished Creatures (others)
  An orc wizard (D:7)
  454 foxfires
  A plant (D:7)
456 creatures vanquished.

Grand Total: 628 creatures vanquished

Notes
Turn   | Place    | Note
-------+----------+-------------------------------------------
     0 | D:1      | Banquo the Djinni Fire Elementalist began the quest for the
                  | Orb.
     0 | D:1      | Reached XP level 1. HP: 15/15 MP: 0/0
   557 | D:1      | Reached XP level 2. HP: 17/21 MP: 0/0
   605 | D:1      | Found Uvvyme's Armour Shoppe.
   877 | D:1      | Found a faded altar of an unknown god.
  1227 | D:2      | Noticed a scorpion
  1238 | D:2      | Killed a scorpion
  1239 | D:2      | Reached skill level 1 in Fighting
  1239 | D:2      | Reached skill level 3 in Spellcasting
  1239 | D:2      | Reached XP level 3. HP: 16/27 MP: 0/0
  1239 | D:2      | Learned a level 1 spell: Sandblast
  1239 | D:2      | Reached XP level 4. HP: 19/32 MP: 0/0
  2671 | D:3      | Reached XP level 5. HP: 29/37 MP: 0/0
  2671 | D:3      | Learned a level 2 spell: Passwall
  3137 | D:4      | Noticed a black bear
  3149 | D:4      | Killed a black bear
  3150 | D:4      | Reached skill level 4 in Spellcasting
  3150 | D:4      | Reached XP level 6. HP: 37/43 MP: 0/0
  3255 | D:4      | Identified the +2 leather armour of the Unstoppable Quests
                  | {Int+4}
  3313 | D:4      | Identified the +0 pair of gloves "Poibok" {rElec}
  3343 | D:4      | Found an ornate altar of the Wu Jian Council.
  3491 | D:4      | Found a bloodstained altar of Trog.
  3756 | D:4      | Noticed a hornet
  3763 | D:4      | Killed a hornet
  3764 | D:4      | Reached skill level 1 in Armour
  3764 | D:4      | Reached XP level 7. HP: 35/49 MP: 0/0
  3764 | D:4      | Learned a level 3 spell: Portal Projectile
  3906 | D:5      | Entered Level 5 of the Dungeon
  4024 | D:5      | Reached skill level 5 in Spellcasting
  4258 | D:5      | Identified the +4 ring mail of Idaoseho {+Inv rPois Will-
                  | Str+9}
  4762 | D:5      | Reached XP level 8. HP: 50/56 MP: 0/0
  5269 | D:6      | Noticed Dowan
  5271 | D:6      | Reached skill level 6 in Spellcasting
  5271 | D:6      | Noticed Duvessa
  5281 | D:6      | Killed Duvessa
  5445 | D:6      | Killed Dowan
  5594 | D:6      | Reached skill level 5 in Dodging
  5594 | D:6      | Reached XP level 9. HP: 55/62 MP: 0/0
  5594 | D:6      | Learned a level 3 spell: Vampiric Draining
  5789 | D:6      | Found Dips's Distillery.
  5798 | D:6      | Bought a potion of haste for 110 gold pieces
  5798 | D:6      | Bought a potion of heal wounds for 55 gold pieces
  6614 | D:7      | Reached skill level 7 in Spellcasting
  7081 | D:7      | Found a staircase to the Ecumenical Temple.
  7097 | Temple   | Entered the Ecumenical Temple
  8470 | D:7      | Found Xasulec's Magic Scroll Shoppe.
  8522 | D:7      | Bought a scroll of teleportation for 45 gold pieces
  9064 | Temple   | Became a worshipper of the Shining One
  9351 | D:8      | Found Gocaa's General Store.
 10141 | D:8      | Noticed Pikel
 10151 | D:8      | Killed Pikel
 10152 | D:8      | Reached skill level 5 in Fighting
 10152 | D:8      | Reached skill level 8 in Spellcasting
 10152 | D:8      | Reached XP level 10. HP: 22/70 MP: 0/0
 11606 | D:9      | Reached skill level 9 in Spellcasting
 11898 | D:9      | Noticed Grum
 12086 | D:9      | Reached * piety under the Shining One
 12508 | D:9      | Killed Grum
 12509 | D:9      | Reached XP level 11. HP: 28/76 MP: 0/0
 12509 | D:9      | Learned a level 5 spell: Freezing Cloud
 13273 | D:9      | Found a staircase to the Orcish Mines.
 13303 | D:9      | Reached skill level 10 in Spellcasting
 13493 | D:10     | Entered Level 10 of the Dungeon
 14624 | D:10     | Noticed Fannar
 14633 | D:10     | Slain by Fannar

Illustrated notes

Levels and vault maps discovered:
D:1:      dpeg_arrival_water_fire, layout_basic, serial_shops,
          nicolae_shop_competitors_out_of_business,
          ebering_ecumenical_altar_hall, due_unseen_surprise
D:2:      layout_loops_ring
D:3:      layout_basic, hangedman_decor_push, grunt_decor_one_mirror,
          due_unseen_surprise
D:4:      layout_rooms, marbit_many_paths, mainiacjoe_overflow_small_starburst
D:5:      layout_basic, serial_glass, glass_columns_a, glass_columns_b
D:6:      cheibrodos_helix_gallery, layout_layer_cave, serial_shops,
          nicolae_shop_advertising_works [nicolae_subvault_shop_adworks],
          kennysheep_boxes, uniq_duvessa
D:7:      layout_layer_cave, minmay_temple_entry_overgrown, serial_shops,
          nicolae_shop_statue_plus, minivault_5
D:8:      layout_basic, serial_shops, shop_statue, uniq_pikel
D:9:      layout_basic, minmay_orc_entry_guard_dogs,
          dreamdust_deal_with_the_devil, uniq_grum
D:10:     layout_loops_corners, uniq_fannar
Temple:   mainiacjoe_temple_big_plus

Skill      XL: |  1  2  3  4  5  6  7  8  9 10 11 |
---------------+----------------------------------+-----
Fighting       | 1 2 3 5 6 |  6.4
Spellcasting   | 3 4 5 6 8 9 10 | 10.1
Dodging        | 3 4 5 6 7 |  7.5
Armour         | 1 2 3 4 |  4.0
Stealth        | |  1.5

Action                   |  1- 3 |  4- 6 |  7- 9 | 10-12 || total
-------------------------+-------+-------+-------+-------++-------
 Cast: Foxfire           |    32 |    43 |   121 |    75 ||   271
       Scorch            |     1 |    34 |    88 |    74 ||   197
       Conjure Flame     |       |     1 |     7 |     2 ||    10
       Flame Wave        |       |       |     3 |     7 ||    10
       Passwall          |       |       |       |     5 ||     5
       Freezing Cloud    |       |       |       |     4 ||     4
  Use: Scroll            |       |     3 |       |     3 ||     6
Armor: Robe              |     1 |       |       |       ||     1
       Leather armour    |       |     1 |    14 |    29 ||    44
Dodge: Dodged            |       |     2 |    25 |    41 ||    68
